% Time on Ice - KELOWNA ROCKETS
Lines # - Real PCT - Wanted PCT - Time Play
Normal Forward
1 - 36% - 38% - 14:56
2 - 34% - 37% - 14:06
3 - 22% - 25% - 9:17
4 - 8% - 0% - 3:13
Normal Defense
1 - 38% - 34% - 15:54
2 - 34% - 32% - 14:14
3 - 23% - 24% - 9:30
4 - 5% - 10% - 1:54
PP Forward
1 - 53% - 65% - 5:25
2 - 47% - 35% - 4:45
PP Defense
1 - 52% - 65% - 5:16
2 - 48% - 35% - 4:54
PK Forward
1 - 64% - 55% - 5:19
2 - 36% - 45% - 2:59
PK Defense
1 - 54% - 55% - 4:29
2 - 46% - 45% - 3:49
PK3 Forward
1 - 0% - 55%
2 - 0% - 45%
PK3 Defense
1 - 0% - 55%
2 - 0% - 45%
44 Forward
1 - 0% - 55%
2 - 0% - 45%
44 Defense
1 - 0% - 55%
2 - 0% - 45%
Last Minute Offensive  - 0:00
Last Minute Defensive  - 0:00
Total
Forward - 60:00
Defense - 60:00
% Time on Ice - BOISE CARIBOUS
Lines # - Real PCT - Wanted PCT - Time Play
Normal Forward
1 - 32% - 31% - 13:07
2 - 33% - 30% - 13:38
3 - 23% - 24% - 9:38
4 - 12% - 15% - 5:09
Normal Defense
1 - 38% - 36% - 15:46
2 - 35% - 33% - 14:30
3 - 25% - 25% - 10:28
4 - 2% - 6% - 0:48
PP Forward
1 - 49% - 55% - 4:04
2 - 51% - 45% - 4:14
PP Defense
1 - 50% - 55% - 4:10
2 - 50% - 45% - 4:08
PK Forward
1 - 58% - 55% - 5:51
2 - 42% - 45% - 4:19
PK Defense
1 - 54% - 55% - 5:30
2 - 46% - 45% - 4:40
PK3 Forward
1 - 0% - 55%
2 - 0% - 45%
PK3 Defense
1 - 0% - 55%
2 - 0% - 45%
44 Forward
1 - 0% - 55%
2 - 0% - 45%
44 Defense
1 - 0% - 55%
2 - 0% - 45%
Last Minute Offensive  - 0:00
Last Minute Defensive  - 0:00
Total
Forward - 60:00
Defense - 60:00
Play-by-Play 1st period 0:01 of 1st period - Auston Matthews wins face-off versus Radek Faksa in neutral zone. 0:04 of 1st period - Shot by Jordan Eberle. 0:04 of 1st period - Shot Misses the Net. 0:18 of 1st period - Shot by Auston Matthews. 0:18 of 1st period - Deflect By Alexander Ovechkin. 0:18 of 1st period - Shot Misses the Net. 0:30 of 1st period - Jordan Eberle is hit by Tom Wilson and loses puck. 1:45 of 1st period - Carl Soderberg is hit by Kristopher Letang and loses puck. 1:55 of 1st period - Darren Helm is hit by Kristopher Letang and loses puck. 2:18 of 1st period - Minor Penalty to Darren Helm for Tripping. 2:19 of 1st period - Radek Faksa wins face-off versus Anthony Cirelli in BOISE CARIBOUS zone. 2:26 of 1st period - Shot by Alexander Ovechkin. 2:26 of 1st period - Stopped by Alexandar Georgiev without a rebound. 2:27 of 1st period - Anthony Cirelli wins face-off versus Theodor Blueger in BOISE CARIBOUS zone. 2:28 of 1st period - Shot by Kristopher Letang. 2:28 of 1st period - Stopped by Alexandar Georgiev without a rebound. 2:29 of 1st period - Theodor Blueger wins face-off versus Evgeny Kuznetsov in BOISE CARIBOUS zone. 2:34 of 1st period - Kristopher Letang is hit by Theodor Blueger. 2:52 of 1st period - Shot by Pavel Buchnevich. 2:52 of 1st period - Stopped by Alexandar Georgiev without a rebound. 2:53 of 1st period - Anthony Cirelli wins face-off versus Radek Faksa in BOISE CARIBOUS zone. 2:56 of 1st period - Shot by Anthony Cirelli. 2:56 of 1st period - Shot Blocked by Rasmus Andersson. 3:08 of 1st period - Shot by Alexander Ovechkin. 3:08 of 1st period - Shot Misses the Net. 3:10 of 1st period - Shot by Adam Fox. 3:10 of 1st period - Shot Misses the Net. 3:12 of 1st period - Shot by Adam Fox. 3:12 of 1st period - Shot Blocked by Joakim Ryan. 3:14 of 1st period - Shot by Anthony Cirelli. 3:14 of 1st period - Shot Misses the Net. 3:16 of 1st period - Shot by Adam Fox. 3:16 of 1st period - Shot Misses the Net. 3:18 of 1st period - Shot by Vladimir Tarasenko. 3:18 of 1st period - Stopped by Alexandar Georgiev without a rebound. 3:19 of 1st period - Evgeny Kuznetsov wins face-off versus Radek Faksa in BOISE CARIBOUS zone. 3:24 of 1st period - Shot by Kristopher Letang. 3:24 of 1st period - Stopped by Alexandar Georgiev with a rebound. 3:26 of 1st period - Shot by Kristopher Letang. 3:26 of 1st period - Stopped by Alexandar Georgiev with a rebound. 3:28 of 1st period - Shot by Pavel Buchnevich. 3:28 of 1st period - Stopped by Alexandar Georgiev without a rebound. 3:29 of 1st period - Evgeny Kuznetsov wins face-off versus Radek Faksa in BOISE CARIBOUS zone. 3:30 of 1st period - Shot by Tyler Bertuzzi. 3:30 of 1st period - Stopped by Alexandar Georgiev with a rebound. 3:36 of 1st period - Evgeny Kuznetsov is hit by Tom Wilson and loses puck. 4:01 of 1st period - Shot by Alexander Ovechkin. 4:01 of 1st period - Stopped by Alexandar Georgiev without a rebound. 4:02 of 1st period - Anthony Cirelli wins face-off versus Radek Faksa in BOISE CARIBOUS zone. 4:23 of 1st period - Niklas Hjalmarsson is hit by Dominik Kubalik and loses puck. 4:28 of 1st period - Shot by Andre Burakovsky. 4:28 of 1st period - Stopped by Marcus Hogberg without a rebound. 4:29 of 1st period - Evgeny Kuznetsov wins face-off versus Patrick Marleau in KELOWNA ROCKETS zone. 5:18 of 1st period - Icing by Will Butcher. 5:19 of 1st period - Anthony Cirelli wins face-off versus Patrick Marleau in BOISE CARIBOUS zone. 5:20 of 1st period - Shot by Pavel Buchnevich. 5:20 of 1st period - Goal by Pavel Buchnevich - KELOWNA ROCKETS : 1 - BOISE CARIBOUS : 0. 5:21 of 1st period - Anthony Cirelli wins face-off versus Radek Faksa in neutral zone. 5:27 of 1st period - Off-side. 5:28 of 1st period - Radek Faksa wins face-off versus Anthony Cirelli in neutral zone. 6:03 of 1st period - Shot by Radek Faksa. 6:03 of 1st period - Shot Misses the Net. 6:05 of 1st period - Shot by Tom Wilson. 6:05 of 1st period - Shot Misses the Net. 6:08 of 1st period - Icing by Niklas Hjalmarsson. 6:09 of 1st period - Anthony Cirelli wins face-off versus Kyle Turris in KELOWNA ROCKETS zone. 6:33 of 1st period - Icing by Joakim Ryan. 6:34 of 1st period - Kyle Turris wins face-off versus Auston Matthews in BOISE CARIBOUS zone. 6:34 of 1st period - Kyle Turris is hit by Alexander Ovechkin. 7:00 of 1st period - Shot by Auston Matthews. 7:00 of 1st period - Stopped by Alexandar Georgiev with a rebound. 7:02 of 1st period - Shot by Jordan Eberle. 7:02 of 1st period - Deflect By Alexander Ovechkin. 7:02 of 1st period - Shot Misses the Net. 7:04 of 1st period - Shot by Jordan Eberle. 7:04 of 1st period - Goal by Jordan Eberle - KELOWNA ROCKETS : 2 - BOISE CARIBOUS : 0. 7:05 of 1st period - Carl Soderberg wins face-off versus Evgeny Kuznetsov in neutral zone. 7:05 of 1st period - Carl Soderberg is hit by Evgeny Kuznetsov. 7:19 of 1st period - Shot by Theodor Blueger. 7:19 of 1st period - Deflect By Carl Soderberg. 7:19 of 1st period - Stopped by Marcus Hogberg without a rebound. 7:20 of 1st period - Phil Kessel wins face-off versus Anthony Cirelli in KELOWNA ROCKETS zone. 7:31 of 1st period - Shot by Tom Wilson. 7:31 of 1st period - Shot Blocked by Kristopher Letang. 8:07 of 1st period - Icing by Kristopher Letang. 8:08 of 1st period - Anthony Cirelli wins face-off versus Carl Soderberg in KELOWNA ROCKETS zone. 8:08 of 1st period - Anthony Cirelli is hit by Theodor Blueger. 8:37 of 1st period - Darren Helm is hit by Dmitri Orlov and loses puck. 9:16 of 1st period - Shot by Dominik Kubalik. 9:16 of 1st period - Shot Blocked by Mark Giordano. 9:17 of 1st period - Minor Penalty to Dmitri Orlov for High sticking. 9:18 of 1st period - Radek Faksa wins face-off versus Anthony Cirelli in KELOWNA ROCKETS zone. 9:27 of 1st period - Shot by Will Butcher. 9:27 of 1st period - Stopped by Marcus Hogberg without a rebound. 9:28 of 1st period - Carl Soderberg wins face-off versus Auston Matthews in KELOWNA ROCKETS zone. 9:29 of 1st period - Shot by Tom Wilson. 9:29 of 1st period - Stopped by Marcus Hogberg without a rebound. 9:30 of 1st period - Carl Soderberg wins face-off versus Jordan Eberle in KELOWNA ROCKETS zone. 10:29 of 1st period - Icing by Radek Faksa. 10:30 of 1st period - Anthony Cirelli wins face-off versus Dominik Kubalik in BOISE CARIBOUS zone. 10:53 of 1st period - Shot by Kristopher Letang. 10:53 of 1st period - Stopped by Alexandar Georgiev without a rebound. 10:54 of 1st period - Anthony Cirelli wins face-off versus Carl Soderberg in BOISE CARIBOUS zone. 11:05 of 1st period - Shot by Anthony Cirelli. 11:05 of 1st period - Shot Misses the Net. 11:38 of 1st period - Off-side. 11:39 of 1st period - Radek Faksa wins face-off versus Joakim Nordstrom in neutral zone. 11:44 of 1st period - Mark Giordano is hit by Tom Wilson and loses puck. 11:49 of 1st period - Shot by Phil Kessel. 11:49 of 1st period - Stopped by Marcus Hogberg without a rebound. 11:50 of 1st period - Kyle Turris wins face-off versus Auston Matthews in KELOWNA ROCKETS zone. 12:05 of 1st period - Shot by Kyle Turris. 12:05 of 1st period - Shot Misses the Net. 12:07 of 1st period - Shot by Andre Burakovsky. 12:07 of 1st period - Shot Blocked by Kristopher Letang. 12:09 of 1st period - Shot by Andre Burakovsky. 12:09 of 1st period - Deflect By Dominik Kubalik. 12:09 of 1st period - Shot Misses the Net. 12:11 of 1st period - Shot by John Klingberg. 12:11 of 1st period - Stopped by Marcus Hogberg without a rebound. 12:12 of 1st period - Evgeny Kuznetsov wins face-off versus Carl Soderberg in KELOWNA ROCKETS zone. 12:37 of 1st period - Shot by Darren Helm. 12:37 of 1st period - Shot Misses the Net. 12:39 of 1st period - Shot by Darren Helm. 12:39 of 1st period - Shot Hit the Post. 12:42 of 1st period - Minor Penalty to Carl Soderberg for Tripping. 12:43 of 1st period - Evgeny Kuznetsov wins face-off versus Radek Faksa in BOISE CARIBOUS zone. 12:43 of 1st period - Evgeny Kuznetsov is hit by Brendan Smith. 12:45 of 1st period - Shot by Tyler Bertuzzi. 12:45 of 1st period - Stopped by Alexandar Georgiev without a rebound. 12:46 of 1st period - Theodor Blueger wins face-off versus Evgeny Kuznetsov in BOISE CARIBOUS zone. 13:03 of 1st period - Shot by Alexander Ovechkin. 13:03 of 1st period - Stopped by Alexandar Georgiev without a rebound. 13:04 of 1st period - Radek Faksa wins face-off versus Anthony Cirelli in BOISE CARIBOUS zone. 13:28 of 1st period - Shot by Anthony Cirelli. 13:28 of 1st period - Shot Misses the Net. 13:30 of 1st period - Shot by Ilya Kovalchuk. 13:30 of 1st period - Stopped by Alexandar Georgiev without a rebound. 13:31 of 1st period - Theodor Blueger wins face-off versus Tyler Bertuzzi in BOISE CARIBOUS zone. 13:37 of 1st period - Icing by Adam Fox. 13:38 of 1st period - Darren Helm wins face-off versus Pavel Buchnevich in KELOWNA ROCKETS zone. 14:12 of 1st period - Shot by Alexander Ovechkin. 14:12 of 1st period - Deflect By Evgeny Kuznetsov. 14:12 of 1st period - Stopped by Alexandar Georgiev without a rebound. 14:13 of 1st period - Theodor Blueger wins face-off versus Anthony Cirelli in BOISE CARIBOUS zone. 14:28 of 1st period - Shot by Kristopher Letang. 14:28 of 1st period - Shot Misses the Net. 14:37 of 1st period - Vladimir Tarasenko is hit by Tom Wilson and loses puck. 15:01 of 1st period - Shot by Scott Wilson. 15:01 of 1st period - Stopped by Alexandar Georgiev without a rebound. 15:02 of 1st period - Auston Matthews wins face-off versus Radek Faksa in BOISE CARIBOUS zone. 15:23 of 1st period - Shot by Jordan Eberle. 15:23 of 1st period - Stopped by Alexandar Georgiev with a rebound. 15:35 of 1st period - Shot by Alexander Ovechkin. 15:35 of 1st period - Deflect By Jordan Eberle. 15:35 of 1st period - Stopped by Alexandar Georgiev without a rebound. 15:36 of 1st period - Anthony Cirelli wins face-off versus Kyle Turris in BOISE CARIBOUS zone. 16:21 of 1st period - Shot by Pavel Buchnevich. 16:21 of 1st period - Goal by Pavel Buchnevich - KELOWNA ROCKETS : 3 - BOISE CARIBOUS : 0. 16:22 of 1st period - Radek Faksa wins face-off versus Auston Matthews in neutral zone. 16:40 of 1st period - Off-side. 16:41 of 1st period - Carl Soderberg wins face-off versus Evgeny Kuznetsov in neutral zone. 16:43 of 1st period - Off-side. 16:44 of 1st period - Auston Matthews wins face-off versus Carl Soderberg in neutral zone. 16:48 of 1st period - Kristopher Letang is hit by Mike Reilly and loses puck. 16:57 of 1st period - Shot by Jordan Eberle. 16:57 of 1st period - Stopped by Alexandar Georgiev without a rebound. 16:58 of 1st period - Anthony Cirelli wins face-off versus Tom Wilson in BOISE CARIBOUS zone. 17:33 of 1st period - Tom Wilson is hit by Pavel Buchnevich and loses puck. 18:31 of 1st period - Shot by Theodor Blueger. 18:31 of 1st period - Shot Misses the Net. 18:33 of 1st period - Shot by Carl Soderberg. 18:33 of 1st period - Stopped by Marcus Hogberg with a rebound. 18:59 of 1st period - Minor Penalty to Adam Fox for Hooking. 19:00 of 1st period - Kyle Turris wins face-off versus Auston Matthews in KELOWNA ROCKETS zone. Goals for this period are 3 for KELOWNA ROCKETS vs 0 for BOISE CARIBOUS. Shots for this period are 22 for KELOWNA ROCKETS vs 7 for BOISE CARIBOUS. 2nd period 0:01 of 2nd period - Carl Soderberg wins face-off versus Auston Matthews in neutral zone. 0:06 of 2nd period - Jonas Siegenthaler is hit by Tom Wilson and loses puck. 0:23 of 2nd period - Shot by Andre Burakovsky. 0:23 of 2nd period - Deflect By Carl Soderberg. 0:23 of 2nd period - Stopped by Marcus Hogberg with a rebound. 0:25 of 2nd period - Shot by Andre Burakovsky. 0:25 of 2nd period - Goal by Andre Burakovsky - KELOWNA ROCKETS : 3 - BOISE CARIBOUS : 1. 0:26 of 2nd period - Patrick Marleau wins face-off versus Anthony Cirelli in neutral zone. 0:33 of 2nd period - Shot by Patrick Marleau. 0:33 of 2nd period - Deflect By Lawson Crouse. 0:33 of 2nd period - Shot Misses the Net. 0:41 of 2nd period - Shot by Patrick Marleau. 0:41 of 2nd period - Stopped by Marcus Hogberg without a rebound. 0:42 of 2nd period - Jordan Eberle wins face-off versus Kyle Turris in KELOWNA ROCKETS zone. 0:42 of 2nd period - Auston Matthews is hit by Andre Burakovsky and loses puck. 1:28 of 2nd period - Shot by Auston Matthews. 1:28 of 2nd period - Shot Blocked by Erik Cernak. 1:30 of 2nd period - Shot by Mark Giordano. 1:30 of 2nd period - Shot Misses the Net. 1:31 of 2nd period - Minor Penalty to Erik Cernak for Tripping. 1:32 of 2nd period - Theodor Blueger wins face-off versus Evgeny Kuznetsov in BOISE CARIBOUS zone. 1:32 of 2nd period - Darren Helm is hit by Tyler Bertuzzi and loses puck. 2:22 of 2nd period - Shot by Radek Faksa. 2:22 of 2nd period - Deflect By Tom Wilson. 2:22 of 2nd period - Shot Hit the Post. 2:38 of 2nd period - Shot by Kristopher Letang. 2:38 of 2nd period - Stopped by Alexandar Georgiev without a rebound. 2:39 of 2nd period - Anthony Cirelli wins face-off versus Theodor Blueger in BOISE CARIBOUS zone. 2:44 of 2nd period - Shot by Kristopher Letang. 2:44 of 2nd period - Stopped by Alexandar Georgiev without a rebound. 2:45 of 2nd period - Theodor Blueger wins face-off versus Pavel Buchnevich in BOISE CARIBOUS zone. 2:58 of 2nd period - Shot by Evgeny Kuznetsov. 2:58 of 2nd period - Shot Misses the Net. 3:00 of 2nd period - Shot by Kristopher Letang. 3:00 of 2nd period - Shot Misses the Net. 3:14 of 2nd period - Shot by Tyler Bertuzzi. 3:14 of 2nd period - Shot Blocked by Theodor Blueger. 3:16 of 2nd period - Shot by Kristopher Letang. 3:16 of 2nd period - Shot Misses the Net. 3:18 of 2nd period - Shot by Pavel Buchnevich. 3:18 of 2nd period - Shot Misses the Net. 3:20 of 2nd period - Shot by Tyler Bertuzzi. 3:20 of 2nd period - Shot Misses the Net. 3:39 of 2nd period - Phil Kessel is hit by Scott Wilson and loses puck. 3:53 of 2nd period - Shot by Tom Wilson. 3:53 of 2nd period - Goal by Tom Wilson - KELOWNA ROCKETS : 3 - BOISE CARIBOUS : 2. 3:54 of 2nd period - Auston Matthews wins face-off versus Kyle Turris in neutral zone. 4:03 of 2nd period - Shot by Jordan Eberle. 4:03 of 2nd period - Shot Blocked by Erik Cernak. 4:18 of 2nd period - Shot by Auston Matthews. 4:18 of 2nd period - Stopped by Alexandar Georgiev without a rebound. 4:19 of 2nd period - Evgeny Kuznetsov wins face-off versus Tom Wilson in BOISE CARIBOUS zone. 4:25 of 2nd period - Vladimir Tarasenko is hit by Will Butcher and loses puck. 4:55 of 2nd period - Shot by Tom Wilson. 4:55 of 2nd period - Stopped by Marcus Hogberg with a rebound. 4:57 of 2nd period - Shot by Tom Wilson. 4:57 of 2nd period - Shot Misses the Net. 4:59 of 2nd period - Shot by Radek Faksa. 4:59 of 2nd period - Shot Misses the Net. 5:06 of 2nd period - Icing by Jonas Siegenthaler. 5:07 of 2nd period - Carl Soderberg wins face-off versus Evgeny Kuznetsov in KELOWNA ROCKETS zone. 5:18 of 2nd period - Shot by Carl Soderberg. 5:18 of 2nd period - Shot Misses the Net. 5:35 of 2nd period - Icing by Tyler Bertuzzi. 5:36 of 2nd period - Kyle Turris wins face-off versus Anthony Cirelli in KELOWNA ROCKETS zone. 6:03 of 2nd period - Shot by Dominik Kubalik. 6:03 of 2nd period - Stopped by Marcus Hogberg without a rebound. 6:04 of 2nd period - Patrick Marleau wins face-off versus Alexander Ovechkin in KELOWNA ROCKETS zone. 6:13 of 2nd period - Shot by Auston Matthews. 6:13 of 2nd period - Shot Misses the Net. 6:15 of 2nd period - Shot by Auston Matthews. 6:15 of 2nd period - Stopped by Alexandar Georgiev without a rebound. 6:16 of 2nd period - Antho